 Dungeon Crawl Stone Soup version 0.31.0-12-g77e489cdc1 (webtiles) character file.

Game seed: 748555803389022598

149 Ekaitz the Chiller (level 5, 0/37 HPs)
             Began as a Demonspawn Ice Elementalist on Feb 15, 2024.
             Killed from afar by Sigmund (4 damage)
             ... with a puff of flame
             ... on level 4 of the Dungeon.
             The game lasted 00:04:57 (2738 turns).

Ekaitz the Chiller (Demonspawn Ice Elementalist)    Turns: 2738, Time: 00:04:58

Health: 0/37       AC:  2    Str:  8    XL:     5   Next: 9%
Magic:  8/8        EV: 12    Int: 27    God:
Gold:   94         SH:  0    Dex: 16    Spells: 2/9 levels left

rFire   + . .        f - +0 dagger (vamp)
rCold   + . .        (no shield)
rNeg    . . .        a - +0 robe
rPois   +            (no helmet)
rElec   +            (no cloak)
rCorr   +            (no gloves)
SInv    .            (no boots)
Will    +....        (no amulet)
Stlth   ++           h - +6 ring of intelligence
HPRegen 0.26/turn    l - +6 ring of intelligence
MPRegen 0.22/turn

%: no passive effects
@: resistant, enlightened, flying
A: powered by death 1, magic regeneration, demonic touch 1
a: no special abilities


You were on level 4 of the Dungeon.
You visited 1 branch of the dungeon, and saw 4 of its levels.

You collected 94 gold pieces.

Inventory:

Hand Weapons
 d - a +0 spear
 f - a +0 vampiric dagger (weapon)
Missiles
 j - 11 poisoned darts
Armour
 a - a +0 robe (worn)
Jewellery
 h - a +6 ring of intelligence (left hand)
 l - a +6 ring of intelligence (right hand)
 s - a +4 ring of protection
Scrolls
 c - 4 scrolls of identify {unknown}
 i - 2 scrolls of torment {unknown}
 k - 2 scrolls of fog {unknown}
 m - 3 scrolls of enchant armour {unknown}
 p - a scroll of fear {unknown}
 r - a scroll of amnesia {unknown}
Potions
 b - a potion of magic
 n - a potion of mutation {unknown}
 o - a potion of heal wounds {unknown}
 q - a potion of might {unknown}
 t - a potion of curing {unknown}
 u - a potion of haste {unknown}


   Skills:
 * Level 1.2 Fighting
 + Level 0.2 Polearms
 + Level 1.8 Dodging
 + Level 2.1 Stealth
 + Level 2.5 Spellcasting
 * Level 1.5 Summonings
 * Level 4.9 Ice Magic


You had 2 spell levels left.
You knew the following spells:

 Your Spells              Type           Power      Damage    Failure   Level
a - Freeze                Ice            100%       1d10      1%          1
b - Frozen Ramparts       Ice            60%        1d10      3%          3
c - Summon Ice Beast      Ice/Summ       20%        N/A       8%          3

Your spell library contained the following spells:

 Spells                   Type           Power      Damage    Failure   Level
 Ozocubu's Armour         Ice            30%        N/A       3%          3
 Dazzling Flash           Conj/Hex       6%         N/A       28%         3
 Mephitic Cloud           Conj/Alch/Air  3%         N/A       28%         3
 Summon Forest            Summ/Tloc      3%         N/A       88%         5
 Curse of Agony           Necr           3%         N/A       95%         5
 Silence                  Hex/Air        1%         N/A       95%         5
 Eringya's Noxious Bog    Alch           1%         4d6       100%        6
 Summon Hydra             Summ           5%         N/A       100%        7


Dungeon Overview and Level Annotations

Branches:
Dungeon (4/15)
 Temple: D:4-7

Altars:
Ashenzari

Annotations:
D:4 Sigmund


Innate Abilities, Weirdness & Mutations

You regenerate a little health from kills.
You regenerate magic rapidly.
Your touch may inflict minor irresistible damage on your foes.


Message History

Sigmund hits you from afar with a +0 scythe!
Found 6 gold pieces.
Casting: Frozen Ramparts (dangerous; 3% risk of failure)
Confirm with . or Enter, or press ? or * to list all spells.
Aiming: Freeze (safe; 1% risk of failure)
Press: ? - help, Shift-Dir - straight line, f - Sigmund
Aim: Sigmund, wielding a +0 scythe and wearing a +0 robe You freeze Sigmund.
Sigmund is lightly wounded.
The endoplasm quivers.
Sigmund points at you and mumbles some strange words.
You are confused.
You're too confused to cast spells.
You hit Sigmund.
Sigmund is lightly wounded.
Sigmund screams, "I am the angel of ZOT!!!"
Sigmund hits you but does no damage.
You miss Sigmund.
Sigmund is lightly wounded.
Sigmund closely misses you.
The endoplasm hits you but does no damage.
The endoplasm freezes you.
You are frozen.
You hit the endoplasm but do no damage. Sigmund hits you with a +0 scythe!
The endoplasm hits you but does no damage.
Unknown command.
It was a potion of resistance.
You feel protected. Sigmund gestures at you while chanting.
The puff of flame hits you. You resist. The endoplasm barely misses you.
It was a potion of enlightenment.
You feel very buoyant.
You fly up into the air.
The endoplasm barely misses you. Sigmund hits you with a +0 scythe!
* * * LOW HITPOINT WARNING * * *
You feel less confused. Sigmund casts a spell at you.
The puff of flame hits you. You resist.
You die...
Sigmund begins carving another notch in his scythe.

#.....+ #.....#
#######.....#
............#
............#
........@...#
..........J.# ..
............## ..#
.######...@..#####..#
#......#......#
#......#......#
#......#......#
#......#......#
#......#<.....#
+......'......#
#.....<###########
###..............#


You could see Sigmund and an endoplasm.

Vanquished Creatures
  A bombardier beetle (D:4)
  5 adders
  A dart slug (D:1)
  2 orcs
  5 bats
  6 endoplasms
  2 giant cockroaches
  8 goblins
  9 hobgoblins
  4 jackals (D:1)
  A quokka (D:2)
  5 ball pythons
  4 frilled lizards
  6 kobolds
  A rat (D:2)
60 creatures vanquished.

Notes
Turn   | Place    | Note
-------+----------+-------------------------------------------
     0 | D:1      | Ekaitz the Demonspawn Ice Elementalist began the quest for
                  | the Orb.
     0 | D:1      | Reached XP level 1. HP: 13/13 MP: 3/3
   203 | D:1      | Found a faded altar of an unknown god.
   428 | D:1      | Gained mutation: You regenerate a little health from kills.
                  | [demonic ancestry]
   428 | D:1      | Reached XP level 2. HP: 20/20 MP: 1/5
   956 | D:2      | Reached skill level 4 in Ice Magic
  1094 | D:2      | Reached XP level 3. HP: 24/25 MP: 2/6
  1106 | D:2      | Learned a level 3 spell: Frozen Ramparts
  1549 | D:2      | Reached skill level 1 in Fighting
  1551 | D:2      | Gained mutation: You regenerate magic rapidly. [demonic
                  | ancestry]
  1551 | D:2      | Reached XP level 4. HP: 32/32 MP: 1/7
  2020 | D:3      | Found a broken altar of Ashenzari.
  2641 | D:3      | Learned a level 3 spell: Summon Ice Beast
  2706 | D:4      | Reached skill level 1 in Summonings
  2706 | D:4      | Gained mutation: Your touch may inflict minor irresistible
                  | damage on your foes. [demonic ancestry]
  2706 | D:4      | Reached XP level 5. HP: 37/37 MP: 4/8
  2724 | D:4      | Noticed Sigmund
  2738 | D:4      | Killed from afar by Sigmund

Illustrated notes

Levels and vault maps discovered:
D:1:      dpeg_arrival_rooms_b, layout_basic, ebering_ecumenical_altar_hall
D:2:      layout_loops_cross, minmay_heptomino_w4
D:3:      layout_basic, ashenzari_conservatory_becter, grunt_ministairs_1
D:4:      layout_gridville, dancing_weapons_uskayaw,
          mainiacjoe_overflow_tiny_flanked, uniq_duvessa, uniq_sigmund

Skill      XL: |  1  2  3  4 |
---------------+-------------+-----
Ice Magic      | 4 |  4.9
Fighting       | 1 |  1.2
Stealth        | 2 |  2.1
Summonings     | 1 |  1.5
Polearms       | |  0.2
Dodging        | |  1.8
Spellcasting   | |  2.5

Action                     |  1- 3 |  4- 6 || total
---------------------------+-------+-------++-------
  Melee: Spear             |    31 |     8 ||    39
         Dagger            |       |     8 ||     8
         Touch             |       |     1 ||     1
   Cast: Freeze            |    54 |    17 ||    71
         Frozen Ramparts   |     1 |     2 ||     3
    Use: Potion            |       |     2 ||     2
   Stab: Sleeping          |     4 |     3 ||     7
 Armour: Robe              |    25 |    14 ||    39
  Dodge: Dodged            |    38 |    10 ||    48
